 Dungeon Crawl Stone Soup version 0.21.1-1-g345015fe64 (webtiles) character file.

413 Oravi the Changer (level 6, -5/46 HPs)
             Began as a Merfolk Transmuter on May 4, 2018.
             Was an Initiate of Okawaru.
             Slain by an iguana (14 damage)
             ... on level 4 of the Dungeon.
             The game lasted 00:11:35 (3433 turns).

Oravi the Changer (Merfolk Transmuter)              Turns: 3433, Time: 00:11:35

Health: -5/46      AC:  2    Str: 10    XL:     6   Next: 91%
Magic:  4/10       EV: 23    Int: 15    God:    Okawaru [......]
Gold:   135        SH:  0    Dex: 19    Spells: 4/10 levels left

rFire    . . .     SeeInvis .     - Unarmed
rCold    . . .     Gourm    .   (shield currently unavailable)
rNeg     . . .     Faith    .   (armour currently unavailable)
rPois    x         Spirit   .   (helmet currently unavailable)
rElec    .         Reflect  .   (cloak currently unavailable)
rCorr    .         Harm     .   (gloves currently unavailable)
MR       .....                  (boots currently unavailable)
Stlth    ++........             (no amulet)
HPRegen  0.15/turn              (no ring)
MPRegen  0.12/turn              (no ring)

@: spider-form, very slightly contaminated
A: tiny, (change form in water), (swift swim), (stealthy swim)
a: End Transformation, Renounce Religion


You were on level 4 of the Dungeon.
You worshipped Okawaru.
Okawaru was noncommittal.
You were not hungry.
You were a venomous arachnid creature.
You visited 2 branches of the dungeon, and saw 5 of its levels.

You collected 135 gold pieces.

Inventory:

Missiles
 a - 62 arrows
Armour
 b - a +1 robe (melded)
Scrolls
 f - a scroll of enchant armour
 g - 2 scrolls of remove curse
 m - a scroll of identify
Potions
 e - a potion of curing
 h - a potion of agility
 j - a potion of mutation {unknown}
 k - a potion of ambrosia {unknown}
 l - a potion of might {unknown}
Books
 c - a book of Changes

   Spells                             Type                      Level
   a - Beastly Appendage              Transmutation                1
   b - Sticks to Snakes               Transmutation                2
   c - Spider Form                    Transmutation/Poison         3
   d - Ice Form                       Ice/Transmutation            4
   e - Blade Hands                    Transmutation                5
Comestibles
 d - 6 rations
 i - 6 chunks of flesh


   Skills:
 + Level 2.7 Fighting
 + Level 4.1 Dodging
 + Level 4.8 Unarmed Combat
 + Level 2.9 Spellcasting
 + Level 5.2 Transmutations
 + Level 2.5 Poison Magic


You had 4 spell levels left.
You knew the following spells:

 Your Spells              Type           Power        Failure   Level  Hunger
a - Spider Form           Tmut/Pois      ##........   28%         3    ###....
b - Sticks to Snakes      Tmut           ###.....     12%         2    ##.....
c - Beastly Appendage     Tmut           ###...       9%          1    #......


Dungeon Overview and Level Annotations

Branches:
Dungeon (4/15)             Temple (1/1) D:4

Altars:
Ashenzari
Cheibriados
Dithmenos
Fedhas
Hepliaklqana
Makhleb
Nemelex Xobeh
Okawaru
Vehumet
Wu Jian
Xom
Yredelemnul


Message History

You see here 11 gold pieces.
You see here a ring mail.
You see here a giant spiked club.
Casting: Spider Form
Confirm with . or Enter, or press ? or * to list all spells.
You miscast Spider Form.
You are very lightly contaminated with residual magic.
You feel a strange surge of energy!
Casting: Spider Form
Confirm with . or Enter, or press ? or * to list all spells.
You turn into a venomous arachnid creature.
Your +1 robe melds into your body.
The gnoll completely misses you.
You hit the gnoll.
The gnoll is poisoned.
The gnoll is lightly wounded.
The iguana misses you. The gnoll misses you.
You hit the gnoll.
The gnoll looks even sicker.
The gnoll is heavily wounded.
The iguana bites you!
You die...

#...lg.g.#
#####.######.#
#.$.......##.#
#.###.###.##.#####
#.# #g##.....g†lg.
#.# #[##..##.###g.
#.# #l....##.# #g#
#.###.##.#
#s###........#
#.lgg.....####
#####.##### #..#
#.## #.# #.# #.#
...


You could see an iguana and 3 gnolls.

Vanquished Creatures
  An ogre (D:4)
  An orc priest (D:3)
  A hound (D:4)
  An orc wizard (D:4)
  A worker ant (D:4)
  5 gnolls
  7 adders
  6 worms
  4 leopard geckos
  8 orcs
  2 ball pythons (D:2)
  4 giant cockroaches
  8 goblins
  9 hobgoblins
  8 jackals (D:2)
  11 bats
  A frilled lizard (D:3)
  4 kobolds
  6 rats
88 creatures vanquished.

Notes
Turn   | Place    | Note
-------+----------+-------------------------------------------
     0 | D:1      | Oravi the Merfolk Transmuter began the quest for the Orb.
     0 | D:1      | Reached XP level 1. HP: 15/15 MP: 3/3
    54 | D:1      | You fall through a shaft!
    64 | D:2      | Reached skill level 3 in Transmutations
    75 | D:2      | Reached XP level 2. HP: 14/21 MP: 5/5
   313 | D:1      | Reached XP level 3. HP: 5/26 MP: 4/6
   484 | D:1      | Learned a level 2 spell: Sticks to Snakes
   488 | D:1      | Learned a level 3 spell: Spider Form
   905 | D:1      | Reached skill level 4 in Transmutations
  1021 | D:2      | Reached skill level 1 in Poison Magic
  1021 | D:2      | Reached XP level 4. HP: 27/32 MP: 3/7
  1369 | D:2      | Reached XP level 5. HP: 22/37 MP: 4/8
  1812 | D:2      | Found a shadowy altar of Dithmenos.
  2034 | D:3      | Found a hazy altar of Hepliaklqana.
  2811 | D:3      | Reached XP level 6. HP: 40/44 MP: 5/9
  3113 | D:4      | Found a staircase to the Ecumenical Temple.
  3127 | Temple   | Entered the Ecumenical Temple
  3177 | Temple   | Became a worshipper of Warmaster Okawaru
  3322 | D:4      | Reached skill level 5 in Transmutations
  3364 | D:4      | Found a shimmering altar of Xom.
  3390 | D:4      | HP: 2/46 [ogre/giant spiked club (28)]
  3433 | D:4      | Slain by an iguana

Skill      XL: |  1  2  3  4  5  6 |
---------------+-------------------+-----
Transmutations | 3 4 5 |  5.2
Unarmed Combat | 4 |  4.8
Poison Magic   | 1 2 |  2.5
Dodging        | 3 4 |  4.1
Fighting       | 2 |  2.7
Spellcasting   | |  2.9

Action                   |  1- 3 |  4- 6 || total
-------------------------+-------+-------++-------
Melee: Unarmed           |   101 |   157 ||   258
       Headbutt          |     9 |       ||     9
       Punch             |     1 |       ||     1
 Cast: Beastly Appendage |    11 |       ||    11
       Spider Form       |    10 |    30 ||    40
  Use: Scroll            |     5 |     4 ||     9
 Stab: Sleeping          |       |     2 ||     2
  Eat: Chunk             |     2 |    12 ||    14
Armor: Robe              |     9 |     5 ||    14
       Skin              |       |     5 ||     5
Dodge: Dodged            |    72 |   146 ||   218
